 Dungeon Crawl Stone Soup version 0.30-a0-711-gf4ac18a38d (webtiles) character file.

Game seed: 17569023307396831137

41502 wormed the Covert (level 13, -12/101 HPs)
             Began as a Demonspawn Fire Elementalist on Jan 22, 2023.
             Was a High Priest of Vehumet.
             Killed by an exploding elephant (52 damage)
             ... ignited by their inner flame
             ... on level 2 of the Lair of Beasts.
             The game lasted 00:30:36 (14845 turns).

wormed the Covert (Demonspawn Fire Elementalist)   Turns: 14845, Time: 00:30:36

Health: -12/101    AC: 14    Str: 10    XL:     13   Next: 80%
Magic:  14/25      EV: 23    Int: 20    God:    Vehumet [*****.]
Gold:   917        SH:  0    Dex: 20    Spells: 10/29 levels left

rFire   . . .      SeeInvis .    d - staff of poison
rCold   . . .      Faith    .    (no shield)
rNeg    . . .      Spirit   .    A - +0 steam dragon scales
rPois   +          Reflect  .    (no helmet)
rElec   .          Harm     .    z - +1 cloak
rCorr   +          Rampage  .    y - +0 pair of gloves
Will    .....                    s - +2 pair of boots
Stlth   +++++                    r - amulet of magic regeneration
HPRegen 2.36/turn                q - ring of resist corrosion
MPRegen 0.59/turn                w - +6 ring of dexterity

@: mighty, agile
A: hooves 1, powered by death 2, powered by pain 1, sharp scales 3
a: Renounce Religion


You were on level 2 of the Lair of Beasts.
You worshipped Vehumet.
Vehumet was extremely pleased with you.
You visited 3 branches of the dungeon, and saw 14 of its levels.
You also visited: Sewer.

You collected 917 gold pieces.

Inventory:

Missiles
 t - 4 throwing nets
Armour
 s - a +2 pair of boots (worn)
 y - a +0 pair of gloves (worn)
 z - a +1 cloak (worn)
 A - +0 steam dragon scales (worn)
Magical Staves
 d - a staff of poison (weapon)
Jewellery
 q - a ring of resist corrosion (left hand)
 r - an amulet of magic regeneration (around neck)
 w - a +6 ring of dexterity (right hand)
 F - a ring of ice
Wands
 i - a wand of charming (20)
 v - a wand of roots (14)
 D - a wand of acid (4)
 E - a wand of mindburst (1) (quivered)
Scrolls
 a - 2 scrolls of magic mapping
 c - 4 scrolls of teleportation
 e - a scroll of butterflies
 f - 3 scrolls of fear
 j - 5 scrolls of fog
 n - 4 scrolls of enchant armour
Potions
 b - 9 potions of curing
 g - 2 potions of haste
 h - 2 potions of brilliance
 k - a potion of resistance
 l - 2 potions of cancellation
 m - 2 potions of heal wounds
 o - 3 potions of might
 u - 2 potions of lignification {unknown}
 x - 2 potions of attraction {unknown}
 B - 2 potions of berserk rage {unknown}
 C - 3 potions of flight {unknown}
 G - a potion of mutation {unknown}


   Skills:
 + Level 9.6 Fighting
 + Level 8.9 Dodging
 + Level 9.8 Stealth
 + Level 8.9 Spellcasting
 + Level 9.4 Conjurations
 + Level 9.1 Fire Magic


You had 10 spell levels left.
You knew the following spells:

 Your Spells              Type           Power      Damage    Failure   Level
a - Foxfire               Conj/Fire      100%       2x1d9     1%          1
b - Scorch                Fire           90%        2d9       1%          2
c - Inner Flame           Hex/Fire       27%        N/A       1%          3
d - Starburst             Conj/Fire      23%        6d8       7%          6
e - Stone Arrow           Conj/Erth      54%        3d10      1%          3
f - Flame Wave            Conj/Fire      46%        2d12      1%          4

Your spell library contained the following spells:

 Spells                   Type           Power      Damage    Failure   Level
 Kindle Blastsparks       Fire/Tloc/Air  42%        2d13      1%          3
 Sandblast                Erth           16%        2d6       2%          1
 Passwall                 Tmut/Erth      6%         N/A       12%         2
 Ozocubu's Armour         Ice            8%         N/A       24%         3
 Metabolic Englaciation   Hex/Ice        4%         N/A       91%         5
 Simulacrum               Ice/Necr       4%         N/A       100%        6


Dungeon Overview and Level Annotations

Branches:
Dungeon (11/15)            Temple (1/1) D:4            Lair (2/5) D:11
    Orc (0/2) D:10          Sewer (visited)
  Swamp: Lair:2-3    Shoals: Lair:2-3     Snake: Lair:2-3    Spider: Lair:2-3

Altars:
Ashenzari
Cheibriados
Dithmenos
Gozag
Hepliaklqana
Kikubaaqudgha
Makhleb
Nemelex Xobeh
Okawaru
Qazlal
Ru
Sif Muna
Trog
Uskayaw
Vehumet
Wu Jian
Xom
Yredelemnul

Shops:
D:1 (   D:4 [   D:11 *

Annotations:
D:8 1 transporter
D:11 Amaemon
Temple 4 transporters


Innate Abilities, Weirdness & Mutations

You have large cloven feet.
You regenerate health from kills.
You sometimes gain a little power by taking damage.
You are completely covered in razor-sharp scales. (AC +3, Slay +3)


Message History

The elephant is heavily wounded.
Casting: Foxfire (safe; 1% risk of failure)
Confirm with . or Enter, or press ? or * to list all spells.
You conjure some foxfire!
The elephant barely misses you. x2
Your foxfire dissipates!
The elephant attacks as you move away! The elephant misses you.
The elephant barely misses you.
The foxfire hits the elephant.
Flame seeps out of the elephant.
The elephant is heavily wounded.
The elephant is engulfed in blazing flames.
Flame seeps out of the elephant.
Casting: Foxfire (safe; 1% risk of failure)
Confirm with . or Enter, or press ? or * to list all spells.
You conjure some foxfire!
The elephant completely misses you. x2
Your foxfire dissipates!
The elephant attacks as you move away! The elephant misses you. x2
The foxfire hits the elephant.
Flame seeps out of the elephant.
The elephant is severely wounded.
The elephant is engulfed in blazing flames.
Flame seeps out of the elephant.
Casting: Foxfire (safe; 1% risk of failure)
Confirm with . or Enter, or press ? or * to list all spells.
You conjure some foxfire!
The elephant misses you.
The elephant trunk-slaps you but does no damage.
The elephant tramples you!
You hold your ground!
The elephant trunk-slaps you but does no damage.
Your foxfire dissipates!
The elephant attacks as you move away! The elephant misses you.
The elephant barely misses you. The elephant attacks as you move away!
The elephant closely misses you.
The elephant trunk-slaps you but does no damage.
The foxfire hits the elephant.
Vehumet accepts your kill.
You feel your power returning.
The elephant explodes!
The fiery explosion engulfs the elephant!!
The elephant is almost dead.
The fiery explosion engulfs you!!!
Ouch! That really hurt!
You die...

.....#............#
.P...#............#
<.................##
..##.#.............#
#.###.###.........#
#.##..##...>......#
..................#
.....###.#.###PP..#
.....####### ###@§#
......# #§§# .....#
### #§Y#
.....#######.###°§#
..................#
..................#
..........###..#..#
.######..## #####.#
..# #...# ##.#


You could see an elephant.

Vanquished Creatures
  Fannar (D:10)
  Harold (D:9)
  Erolcha (D:9)
  3 two-headed ogres
  A boulder beetle (D:11)
  Pikel (D:6)
  A manticore (D:11)
  An ugly thing (D:10)
  3 black mambas (Lair:1)
  6 elephants
  2 gargoyles (D:11)
  2 cane toads (Lair:1)
  An unseen horror (D:10)
  2 komodo dragons
  2 trolls
  A hornet (D:7)
  5 blink frogs (Lair:1)
  Sigmund (D:5)
  43 yaks
  4 wraiths
  8 wyverns
  A basilisk (Lair:1)
  3 steam dragons
  Grum (D:9)
  6 water moccasins
  4 orc warriors
  4 ice beasts
  2 black bears (D:6)
  A sky beast (D:6)
  2 centaurs
  4 wolves (D:9)
  4 ogres
  3 phantoms
  A lemure (D:6)
  2 kobold brigands (D:8)
  A gnoll sergeant (D:8)
  A scorpion (D:5)
  6 bullfrogs
  3 wights (D:10)
  8 killer bees
  2 electric eels
  4 howler monkeys
  3 jellies
  3 orc priests
  3 hounds
  A gnoll bouda (D:5)
  Natasha (thrice) (D:4)
  3 iguanas
  Ijyb (D:3)
  9 orc wizards
  13 gnolls
  5 adders
  5 river rats (Sewer)
  2 shadow imps
  2 white imps
  2 ufetubi
  3 worms
  A dart slug (D:2)
  58 orcs
  18 ball pythons
  10 bats
  6 endoplasms
  2 giant cockroaches
  7 goblins (D:3)
  6 hobgoblins
  9 jackals (D:3)
  12 kobolds
  2 frilled lizards (Sewer)
  26 rats
368 creatures vanquished.

Vanquished Creatures (others)
  537 foxfires
  9 fungi
  24 plants
570 creatures vanquished.

Grand Total: 938 creatures vanquished

Notes
Turn   | Place    | Note
-------+----------+-------------------------------------------
     0 | D:1      | wormed the Demonspawn Fire Elementalist began the quest for
                  | the Orb.
     0 | D:1      | Reached XP level 1. HP: 13/13 MP: 3/3
   510 | D:1      | Gained mutation: You are partially covered in razor-sharp
                  | scales. (AC +1, Slay +1) [demonic ancestry]
   510 | D:1      | Reached XP level 2. HP: 9/19 MP: 5/5
   618 | D:1      | Found Luiwonor's Weapon Shoppe.
  1476 | D:2      | Reached XP level 3. HP: 12/25 MP: 3/6
  1479 | D:2      | Learned a level 2 spell: Scorch
  1483 | D:2      | Learned a level 3 spell: Inner Flame
  2163 | D:3      | Reached skill level 1 in Fighting
  2182 | D:3      | Found a glowing drain.
  2254 | Sewer    | Entered a sewer
  2298 | Sewer    | Gained mutation: You are mostly covered in razor-sharp
                  | scales. (AC +2, Slay +2) [demonic ancestry]
  2298 | Sewer    | Reached XP level 4. HP: 32/32 MP: 0/7
  2793 | Sewer    | Noticed a bullfrog
  2794 | Sewer    | Noticed a bullfrog
  2938 | Sewer    | Killed a bullfrog
  2939 | Sewer    | Gained mutation: You regenerate a little health from kills.
                  | [demonic ancestry]
  2939 | Sewer    | Reached XP level 5. HP: 38/38 MP: 2/9
  3060 | Sewer    | Gained mutation: You have large cloven feet. [demonic
                  | ancestry]
  3060 | Sewer    | Reached XP level 6. HP: 44/44 MP: 6/10
  4300 | D:3      | Noticed Ijyb
  4325 | D:3      | Killed Ijyb
  4554 | D:4      | Found a staircase to the Ecumenical Temple.
  4588 | Temple   | Entered the Ecumenical Temple
  4588 | Temple   | Found a transporter.
  4588 | Temple   | Found a transporter.
  4590 | Temple   | Found a transporter.
  4590 | Temple   | Found a transporter.
  4606 | Temple   | Became a worshipper of Vehumet
  4705 | D:4      | Noticed Natasha
  4754 | D:4      | Killed Natasha
  4781 | D:4      | Found an opulent altar of Gozag.
  4798 | D:4      | Found Iqozeuzo's Armour Shoppe.
  4808 | D:4      | Found a hide-covered altar of Uskayaw.
  4907 | D:4      | Noticed Natasha
  4915 | D:4      | Killed Natasha
  4962 | D:4      | Noticed Natasha
  4968 | D:4      | Killed Natasha
  5051 | D:5      | Entered Level 5 of the Dungeon
  5075 | D:5      | Gained mutation: You are completely covered in razor-sharp
                  | scales. (AC +3, Slay +3) [demonic ancestry]
  5075 | D:5      | Reached XP level 7. HP: 51/51 MP: 2/12
  5361 | D:5      | Found a sacrificial altar of Ru.
  5544 | D:5      | Noticed Sigmund
  5552 | D:5      | Killed Sigmund
  5553 | D:5      | Gained mutation: You regenerate health from kills. [demonic
                  | ancestry]
  5553 | D:5      | Reached XP level 8. HP: 55/60 MP: 2/14
  5593 | D:5      | Reached * piety under Vehumet
  5593 | D:5      | Offered knowledge of Shock by Vehumet.
  6031 | D:6      | Noticed Pikel
  6041 | D:6      | Killed Pikel
  6042 | D:6      | Reached skill level 5 in Stealth
  6042 | D:6      | Reached skill level 5 in Fire Magic
  6146 | D:6      | Reached XP level 9. HP: 66/66 MP: 10/16
  6644 | D:6      | Reached skill level 5 in Spellcasting
  6822 | D:6      | Learned a level 4 spell: Flame Wave
  6869 | D:7      | Noticed a two-headed ogre
  6879 | D:7      | Killed a two-headed ogre
  6879 | D:7      | Offered knowledge of Momentum Strike by Vehumet.
  6880 | D:7      | Reached skill level 5 in Fighting
  6880 | D:7      | Reached skill level 5 in Dodging
  6880 | D:7      | Reached skill level 5 in Conjurations
  6932 | D:7      | Reached ** piety under Vehumet
  7139 | D:7      | Found a shadowy altar of Dithmenos.
  7294 | D:7      | Reached XP level 10. HP: 76/76 MP: 12/18
  7495 | D:7      | Learned a level 3 spell: Stone Arrow
  7921 | D:8      | Offered knowledge of Ignite Poison by Vehumet.
  8034 | D:8      | Reached *** piety under Vehumet
  8169 | D:8      | Found a sparkling altar of Nemelex Xobeh.
  8169 | D:8      | Found a transporter.
  8170 | D:8      | Noticed a tengu warrior
  8171 | D:8      | Noticed a catoblepas
  8330 | D:8      | Found an iron altar of Okawaru.
  8330 | D:8      | Found a bloodstained altar of Trog.
  8505 | D:8      | Offered knowledge of Frozen Ramparts by Vehumet.
  8553 | D:8      | Reached **** piety under Vehumet
  8722 | D:9      | Noticed a two-headed ogre
  8987 | D:9      | Offered knowledge of Freezing Cloud by Vehumet.
  9063 | D:9      | Noticed Erolcha
  9083 | D:9      | Killed Erolcha
  9117 | D:9      | Killed a two-headed ogre
  9276 | D:9      | Reached XP level 11. HP: 83/83 MP: 14/20
  9443 | D:9      | Noticed Grum
  9454 | D:9      | Killed Grum
  9612 | D:9      | Found a snail-covered altar of Cheibriados.
  9624 | D:9      | Found an ornate altar of the Wu Jian Council.
  9624 | D:9      | Noticed Harold
 10060 | D:9      | Killed Harold
 10645 | D:10     | Entered Level 10 of the Dungeon
 10662 | D:10     | Noticed a two-headed ogre
 11039 | D:10     | Found an ancient bone altar of Kikubaaqudgha.
 11110 | D:10     | Noticed Fannar
 11489 | D:10     | Killed a two-headed ogre
 11530 | D:10     | Reached ***** piety under Vehumet
 11627 | D:10     | Found a staircase to the Orcish Mines.
 11832 | D:10     | Killed Fannar
 12072 | D:11     | Found a staircase to the Lair.
 12079 | D:11     | Offered knowledge of Starburst by Vehumet.
 12080 | D:11     | Noticed a brown ugly thing
 12091 | D:10     | Learned a level 6 spell: Starburst
 12312 | D:10     | Killed a brown ugly thing
 12415 | D:11     | Reached XP level 12. HP: 92/92 MP: 20/23
 12677 | D:11     | Found Vojuwk's Island Escapes.
 12785 | D:11     | Noticed a boulder beetle
 12798 | D:11     | Killed a boulder beetle
 13093 | D:11     | Noticed Amaemon
 13354 | Lair:1   | Entered Level 1 of the Lair of Beasts
 14318 | Lair:1   | Gained mutation: You sometimes gain a little power by
                  | taking damage. [demonic ancestry]
 14318 | Lair:1   | Reached XP level 13. HP: 101/101 MP: 25/25
 14845 | Lair:2   | Killed by an exploding elephant... ignited by their inner
                  | flame

Illustrated notes

Levels and vault maps discovered:
D:1:      dpeg_arrival_castle, layout_loops_corners, serial_shops,
          nicolae_shop_bloodbath_and_beyond, bh_walls_and_bars
D:2:      layout_loops_corners, serial_bayou_pond_d, minmay_quadrilaterals
D:3:      kennysheep_goblin_castle, layout_basic, portal_sewer_entry_d,
          chequers_serial_rivers_small_a
D:4:      layout_basic, grunt_gozag_statues,
          nicolae_uskayaw_murder_on_the_dancefloor, minmay_temple_entry_slanted,
          serial_shops, nicolae_shop_temple_entry_statues_fountains,
          uniq_natasha
D:5:      layout_gridville, mainiacjoe_overflow_brackets, serial_park_tiny_2,
          grunt_decor_resistance, uniq_sigmund
D:6:      layout_layer_cave, kb_lookout_dungeons_type, minmay_misc_feat_doors,
          uniq_pikel
D:7:      layout_rooms, nicolae_dithmenos_through_a_glass_darkly,
          mainiacjoe_overflow_cross_hatched
D:8:      layout_loops_ring, grunt_temple_overflow_bloody_war,
          grunt_nemelex_the_gamble, special_room [special_room_orc]
D:9:      layout_basic, mainiacjoe_overflow_large_starburst,
          kennysheep_small_spiral, uniq_erolcha, uniq_harold, uniq_grum
D:10:     layout_long_grid, overflow_temple_1_default, hiddenorc1_lemuel,
          uniq_fannar
D:11:     layout_basic, minmay_lair_entry_grove, nicolae_island_escapes,
          uniq_amaemon
Temple:   hellmonk_temple_divided_pantheon
Lair:1:   layout_misc_corridors, grunt_megastairs_2, serial_bayou_shore_b,
          infiniplex_staircase_pool
Lair:2:   layout_long_grid, palyth_hydra_swamp_entry, basic_altar,
          fungi_pond_lemuel

Skill      XL: |  1  2  3  4  5  6  7  8  9 10 11 12 |
---------------+-------------------------------------+-----
Stealth        | 2 3 4 5 6 7 8 9 |  9.8
Dodging        | 2 3 4 5 6 7 8 |  8.9
Fire Magic     | 3 4 5 6 7 9 |  9.1
Fighting       | 1 2 3 4 5 6 8 9 |  9.6
Conjurations   | 2 3 4 5 6 8 9 |  9.4
Spellcasting   | 3 4 5 6 7 8 |  8.9

Action                     |  1- 3 |  4- 6 |  7- 9 | 10-12 | 13-15 || total
---------------------------+-------+-------+-------+-------+-------++-------
  Melee: Staff             |    37 |    13 |       |     1 |       ||    51
         Unarmed           |     1 |       |       |       |       ||     1
         Kick              |       |     1 |       |       |       ||     1
   Cast: Foxfire           |    21 |    61 |    62 |   148 |    20 ||   312
         Scorch            |    12 |    48 |    33 |   156 |    16 ||   265
         Inner Flame       |       |       |    51 |   200 |    14 ||   265
  Evoke: Wand              |       |       |       |     5 |       ||     5
    Use: Potion            |     1 |       |       |     1 |       ||     2
         Scroll            |       |    11 |     7 |     6 |       ||    24
   Stab: Sleeping          |     1 |       |       |       |       ||     1
 Armour: Robe              |    15 |    15 |     6 |     2 |       ||    38
         Steam dragon scal |       |       |       |    37 |     5 ||    42
  Dodge: Dodged            |    40 |    63 |    16 |    93 |    29 ||   241

Table legend: (Time is in decaauts)
 A = Elapsed time spent in this place.
 B = Non-inter-level travel time spent in this place.
 C = Inter-level travel time spent in this place.
 D = Time resting spent in this place.
 E = Time spent auto-exploring this place.
 F = Levels seen in this place.
 G = Mean time per level.
                   A        B        C        D        E       F      G
               +--------+--------+--------+--------+--------+-----+--------+
         Total |  14941 |  14256 |    685 |     35 |  11571 |  15 |  996.1 |
       Dungeon |  12445 |  11796 |    649 |     35 |   9666 |  11 | 1131.4 |
        Temple |     70 |     70 |      0 |      0 |     35 |   1 |   70.0 |
          Lair |   1494 |   1458 |     36 |      0 |   1121 |   2 |  747.0 |
         Sewer |    931 |    931 |      0 |      0 |    748 |   1 |  931.0 |
               +--------+--------+--------+--------+--------+-----+--------+

Top non-repeatable levels by time:
     D:9: 1763 daAuts
    D:10: 1617 daAuts
     D:8: 1427 daAuts
     D:3: 1421 daAuts
  Lair:1: 1290 daAuts
     D:1: 1091 daAuts
     D:2: 1075 daAuts
    D:11: 1048 daAuts
   Sewer: 931 daAuts
     D:5: 902 daAuts
     D:6: 859 daAuts
     D:7: 682 daAuts
     D:4: 556 daAuts
  Lair:2: 203 daAuts
  Temple: 70 daAuts
